 Dungeon Crawl Stone Soup version 0.28-a0-1199-gef9e1dbd39 (webtiles) character file.

Game seed: 4860417934187309304

602 Astera the Gusty (level 7, 0/38 (40) HPs)
             Began as a Tengu Air Elementalist on Dec 19, 2021.
             Was a Believer of Dithmenos.
             Killed by their own static electricity (2 damage)
             ... on level 6 of the Dungeon.
             The game lasted 00:16:37 (5134 turns).

Astera the Gusty (Tengu Air Elementalist)           Turns: 5134, Time: 00:16:38

HP:   0/38 (40)     AC:  6    Str:  8    XL:     7   Next: 41%
MP:   5/12          EV: 14    Int: 18    God:    Dithmenos [**....]
Gold: 106           SH:  0    Dex: 14    Spells: 2/12 levels left

rFire   + . .      SeeInvis .   i - staff of fire
rCold   . . .      Faith    .   (no shield)
rNeg    . . .      Spirit   .   k - +0 leather armour
rPois   .          Reflect  .   (helmet restricted)
rElec   .          Harm     .   (no cloak)
rCorr   .          Rampage  .   g - +2 pair of gloves
Will    .....                   (boots unavailable)
Stlth   +++.......              (no amulet)
HPRegen 0.12/turn               (no ring)
MPRegen 0.13/turn               (no ring)

@: flying quickly and evasively, very slightly contaminated, wreathed by umbra,
drained, quick
A: beak, talons 3, nimble flight
a: Renounce Religion, Shadow Step


You were on level 6 of the Dungeon.
You worshipped Dithmenos.
Dithmenos was pleased with you.
You visited 1 branch of the dungeon, and saw 6 of its levels.

You collected 106 gold pieces.

Inventory:

Armour
 a - a +0 robe
 g - a +2 pair of gloves (worn)
 k - a +0 leather armour (worn)
Magical Staves
 i - a staff of fire (weapon)
Wands
 d - a wand of iceblast (3)
Scrolls
 f - a scroll of enchant weapon
Potions
 b - a potion of degeneration {unknown}
 c - a potion of lignification {unknown}
 h - a potion of mutation {unknown}
 l - 2 potions of curing {unknown}
 m - 2 potions of heal wounds


   Skills:
 + Level 2.1 Fighting
 + Level 2.4 Staves
 + Level 2.3 Armour
 + Level 3.4 Dodging
 + Level 3.1 Stealth
 + Level 3.0 Spellcasting
 + Level 3.4 Conjurations
 + Level 1.6 Fire Magic
 * Level 5.7 Air Magic
 + Level 1.3 Evocations


You had 2 spell levels left.
You knew the following spells:

 Your Spells              Type           Power      Damage    Failure   Level
a - Shock                 Conj/Air       76%        1d7       3%          1
b - Static Discharge      Conj/Air       19%        N/A       5%          2
c - Swiftness             Air            23%        N/A       7%          3
d - Airstrike             Air            11%        N/A       22%         4

Your spell library contained the following spells:

 Spells                   Type           Power      Damage    Failure   Level


Dungeon Overview and Level Annotations

Branches:
Dungeon (7/15)
 Temple: D:4-7

Altars:
Dithmenos
Makhleb
Wu Jian

Annotations:
D:3 3 runed translucent doors, Conn's ghost, amateur OpFE


Innate Abilities, Weirdness & Mutations

You have a beak for a mouth.
You have claws for feet.
Your magical nature lets you fly swiftly and evasively.


Message History

The helpless scorpion fails to defend itself.
You hit the scorpion but do no damage.
You claw the scorpion, but do no damage.
The scorpion barely misses you.
You hit the scorpion but do no damage. Your kick misses the scorpion.
The scorpion closely misses you. The wight hits you with a +4 scimitar.
* * * LOW HITPOINT WARNING * * *
You feel drained.
* * * LOW HITPOINT WARNING * * *
Casting: Static Discharge (safe; 5% risk of failure)
Confirm with . or Enter, or press ? or * to list all spells.
The scorpion is struck by an arc of lightning!
The scorpion is moderately wounded.
You are struck by an arc of lightning.
* * * LOW HITPOINT WARNING * * *
The lightning grounds out.
The wight is struck by an arc of lightning!
The wight is heavily damaged.
You are struck by an arc of lightning.
* * * LOW HITPOINT WARNING * * *
The wight is struck by an arc of lightning.
The wight is almost destroyed.
The lightning grounds out.
The scorpion misses you. The scorpion completely misses you.
The wight closely misses you.
Casting: Static Discharge (safe; 5% risk of failure)
Confirm with . or Enter, or press ? or * to list all spells.
You miscast Static Discharge.
You are very lightly contaminated with residual magic.
Nothing appears to happen.
The scorpion stings you.
* * * LOW HITPOINT WARNING * * *
The wight hits you but does no damage.
Okay, then.
Unknown command.
Casting: Static Discharge (safe; 5% risk of failure)
Confirm with . or Enter, or press ? or * to list all spells.
The wight is struck by an arc of lightning!
You destroy the wight!
Dithmenos accepts your kill.
You are struck by an arc of lightning.
You die...

# ........#.#######
...K...#.s@)nzz#
..KK.K#######K# .K.K.#
###.#+###.. ..#(#
#...n...... #.#.#
#z.........
#.#.###.#.#####z....!....
........K.Kz..K..>.......
.#.###.#z####...........
. #.......#.$..####+###..


You could see a necrophage, a scorpion, 2 wights and a kobold.

Vanquished Creatures
  Sigmund (D:4)
  2 scorpions (D:4)
  A water moccasin skeleton (D:4)
  A wight (D:6)
  A centaur skeleton (D:4)
  Natasha (thrice) (D:3)
  A howler monkey skeleton (D:4)
  7 adders
  An adder skeleton (D:3)
  3 worms
  3 dart slugs
  3 orcs
  8 ball pythons
  5 endoplasms
  3 giant cockroaches
  6 goblins
  11 hobgoblins
  3 jackals (D:1)
  4 kobolds
  2 quokkas
  5 bats
  3 frilled lizards
  2 rats
79 creatures vanquished.

Vanquished Creatures (others)
  A demonic plant (D:1)
  A withered plant (D:1)
2 creatures vanquished.

Grand Total: 81 creatures vanquished

Notes
Turn   | Place    | Note
-------+----------+-------------------------------------------
     0 | D:1      | Astera the Tengu Air Elementalist began the quest for the
                  | Orb.
     0 | D:1      | Reached XP level 1. HP: 10/10 MP: 4/4
   196 | D:1      | Reached XP level 2. HP: 15/15 MP: 3/6
   386 | D:1      | Found a faded altar of an unknown god.
   415 | D:1      | Prayed at the altar of an unknown god.
   415 | D:1      | Became a worshipper of Dithmenos the Shadowed
   415 | D:1      | Reached * piety under Dithmenos
   753 | D:1      | Learned a level 2 spell: Static Discharge
  1104 | D:1      | Reached XP level 3. HP: 20/20 MP: 5/7
  1563 | D:2      | Found a burning altar of Makhleb.
  1606 | D:2      | Reached skill level 1 in Staves
  1619 | D:2      | Reached skill level 1 in Armour
  1640 | D:2      | Reached skill level 1 in Fighting
  1779 | D:2      | Reached XP level 4. HP: 25/25 MP: 8/8
  2665 | D:3      | Found a burning altar of Makhleb.
  2927 | D:3      | Learned a level 3 spell: Swiftness
  2974 | D:3      | Found a runed translucent gate.
  2974 | D:3      | Found a runed translucent gate.
  2974 | D:3      | Found a runed translucent gate.
  2975 | D:3      | Noticed Conn's ghost (amateur OpFE)
  3026 | D:3      | Gained mutation: Your magical nature lets you fly swiftly
                  | and evasively. [Tengu growth]
  3026 | D:3      | Reached XP level 5. HP: 29/29 MP: 3/9
  3322 | D:3      | Noticed Natasha
  3334 | D:3      | Killed Natasha
  3334 | D:3      | Reached ** piety under Dithmenos
  3492 | D:3      | Noticed Natasha
  3501 | D:3      | Killed Natasha
  3655 | D:3      | Noticed Natasha
  3666 | D:3      | Killed Natasha
  4044 | D:4      | Found an ornate altar of the Wu Jian Council.
  4109 | D:4      | Reached XP level 6. HP: 32/34 MP: 3/10
  4209 | D:4      | Reached skill level 1 in Fire Magic
  4209 | D:4      | Reached skill level 5 in Air Magic
  4473 | D:4      | Learned a level 4 spell: Airstrike
  4560 | D:4      | Noticed Sigmund
  4571 | D:4      | Killed Sigmund
  4572 | D:4      | Reached skill level 1 in Evocations
  4572 | D:4      | Reached XP level 7. HP: 27/40 MP: 0/12
  4983 | D:4      | You are sucked into a shaft and drop 3 floors!
  5081 | D:7      | Noticed a hornet
  5089 | D:6      | Noticed a wraith
  5134 | D:6      | Killed from afar by themself

Illustrated notes

Levels and vault maps discovered:
D:1:      eino_arrival_water_cross, layout_basic, shapermc_ecumenical_altar_gd,
          nrook_uturn, fountainhead, serial_park_tiny_pond
D:2:      layout_basic, basic_altar
D:3:      layout_basic, lemuel_coloured_pillars_altar, gammafunk_ghost_split,
          serial_park_tiny_pond, uniq_natasha
D:4:      layout_loops_ring, nzn_wu_jian_council_hall, uniq_sigmund
D:6:      layout_basic, lemuel_tele_altar
D:7:      layout_loops_cross, mainiacjoe_overflow_surrounded_room,
          temple_fountains

Skill      XL: |  1  2  3  4  5  6  7 |
---------------+----------------------+-----
Staves         | 1 2 |  2.4
Armour         | 1 2 |  2.3
Fighting       | 1 2 |  2.1
Conjurations   | 2 3 |  3.4
Dodging        | 3 |  3.4
Fire Magic     | 1 |  1.6
Air Magic      | 5 |  5.7
Stealth        | 3 |  3.1
Evocations     | 1 |  1.3
Spellcasting   | 3 |  3.0

Action                   |  1- 3 |  4- 6 |  7- 9 || total
-------------------------+-------+-------+-------++-------
Melee: Dagger            |    39 |     3 |       ||    42
       Kick              |     6 |     3 |     5 ||    14
       Peck              |     1 |       |     2 ||     3
       Staff             |       |    14 |    11 ||    25
 Cast: Shock             |    72 |   110 |    12 ||   194
       Static Discharge  |     1 |    11 |     6 ||    18
  Use: Potion            |     1 |       |       ||     1
       Scroll            |       |     6 |       ||     6
 Stab: Sleeping          |     1 |     1 |     1 ||     3
Armor: Robe              |    13 |     7 |       ||    20
       Leather armour    |       |     1 |     7 ||     8
Dodge: Dodged            |    32 |    28 |    19 ||    79

Table legend: (Time is in decaauts)
 A = Elapsed time spent in this place.
 B = Non-inter-level travel time spent in this place.
 C = Inter-level travel time spent in this place.
 D = Time resting spent in this place.
 E = Time spent auto-exploring this place.
 F = Levels seen in this place.
 G = Mean time per level.
                   A        B        C        D        E       F      G
               +--------+--------+--------+--------+--------+-----+--------+
         Total |   5041 |   4964 |     77 |   1290 |   2031 |   6 |  840.2 |
       Dungeon |   5041 |   4964 |     77 |   1290 |   2031 |   6 |  840.2 |
               +--------+--------+--------+--------+--------+-----+--------+

Top non-repeatable levels by time:
     D:1: 1541 daAuts
     D:3: 1321 daAuts
     D:4: 1055 daAuts
     D:2: 986 daAuts
     D:7: 90 daAuts
     D:6: 45 daAuts
